 Dungeon Crawl Stone Soup version 0.28-a0-563-gf77a47075d (webtiles) character file.

Game seed: 16473721262720942754

2697 lunkers the Grappler (level 9, -1/92 HPs)
             Began as a Troll Cinder Acolyte on Sept 30, 2021.
             Was a High Priest of Ignis.
             Succumbed to a killer bee's poison
             ... on level 7 of the Dungeon.
             The game lasted 00:10:27 (4673 turns).

lunkers the Grappler (Troll Cinder Acolyte)         Turns: 4673, Time: 00:10:28

Health: -1/92      AC:  9    Str: 24    XL:     9   Next: 38%
Magic:  9/9        EV:  8    Int: 16    God:    Ignis [*****.]
Gold:   1593       SH:  0    Dex:  8    Spells: 8/10 levels left

rFire   + . .      SeeInvis .     - Unarmed
rCold   . . .      Faith    .   (no shield)
rNeg    . . .      Spirit   .   b - +0 acid dragon scales
rPois   .          Reflect  .   (helmet restricted)
rElec   .          Harm     .   s - +0 cloak
rCorr   +          Rampage  .   (gloves unavailable)
Will    .....                   (boots unavailable)
Stlth   +.........              (no amulet)
HPRegen 1.25/turn               e - +6 ring of intelligence
MPRegen 0.11/turn               j - ring of resist corrosion

@: mighty, lethally poisoned (-1 -> -5), hasted, very quick
A: large, unfitting armour, claws 3, regeneration 1, shaggy fur 1, tough skin 1
a: Renounce Religion, Sea of Fire, Foxfire Swarm, Rising Flame


You were on level 7 of the Dungeon.
You worshipped Ignis.
Ignis was extremely pleased with you.
You visited 1 branch of the dungeon, and saw 7 of its levels.

You collected 1593 gold pieces.

Inventory:

Missiles
 f - 26 sling bullets
 n - 2 throwing nets
 p - 224 stones
 q - 19 poisoned darts (quivered)
 t - a boomerang
 w - 6 javelins
 y - 9 large rocks
Armour
 b - +0 acid dragon scales (worn)
 s - a +0 cloak (worn)
Jewellery
 e - a +6 ring of intelligence (left claw)
 j - a ring of resist corrosion (right claw)
Wands
 r - a wand of digging (8)
Scrolls
 c - a scroll of magic mapping
 d - a scroll of enchant weapon
 g - 2 scrolls of identify
Potions
 h - 2 potions of mutation
 i - 3 potions of brilliance
 k - a potion of resistance {unknown}
 l - a potion of lignification {unknown}
 v - a potion of magic {unknown}
 x - a potion of might
 z - 2 potions of attraction {unknown}


   Skills:
 + Level 6.7 Fighting
 * Level 11.0 Unarmed Combat
 - Level 1.0 Spellcasting
 - Level 2.1 Fire Magic


You had 8 spell levels left.
You knew the following spells:

 Your Spells              Type           Power      Damage    Failure   Level
b - Scorch                Fire           14%        2d6       19%         2

Your spell library contained the following spells:

 Spells                   Type           Power      Damage    Failure   Level
 Freeze                   Ice            0%         1d3       28%         1
 Passwall                 Tmut/Erth      0%         N/A       41%         2
 Frozen Ramparts          Ice            0%         1d2       65%         3
 Swiftness                Air            0%         N/A       65%         3
 Hailstorm                Conj/Ice       0%         3d3       96%         4
 Invisibility             Hex            0%         N/A       100%        6


Dungeon Overview and Level Annotations

Branches:
Dungeon (7/15)             Temple (0/1) D:4

Altars:

Shops:
D:4 [


Innate Abilities, Weirdness & Mutations

You are too large for most types of armour.
You have claws for hands.
Your natural rate of healing is unusually fast.
You are covered in fur. (AC +1)
You have tough skin. (AC +1)


Message History

You are more poisoned.
The killer bee poisons you! The killer bee stings you.
* * * LOW HITPOINT WARNING * * *
The killer bee stings you.
* * * LOW HITPOINT WARNING * * *
The killer bee stings you!
* * * LOW HITPOINT WARNING * * *
You are more poisoned.
The killer bee poisons you!
You feel your intelligence returning.
Okay, then.
You feel yourself speed up.
You feel very sick. The killer bee stings you.
* * * LOW HITPOINT WARNING * * *
The killer bee stings you but does no damage.
The killer bee stings you.
* * * LOW HITPOINT WARNING * * *
The killer bee stings you but does no damage.
Unknown command.
Okay, then.
It was a potion of might.
You feel very mighty all of a sudden.
* * * LOW HITPOINT WARNING * * *
You feel very sick.
The killer bee stings you but does no damage.
The killer bee closely misses you.
Unknown command.
You miss the killer bee.
* * * LOW HITPOINT WARNING * * *
You feel sick. The killer bee completely misses you.
The killer bee stings you but does no damage.
You mangle the killer bee!!
You kill the killer bee!
* * * LOW HITPOINT WARNING * * *
You feel sick.
Your Unarmed Combat skill increases to level 11!
Unknown command.
You closely miss the killer bee.
You die...

...##..............##.#
...................# #
.....................#
.............o.......##
......................#
....##..............#...
..............o#####...
............yoy### #.
#..##......###@..# ## ..
#.#........##...##.##..#
#...................#..#
#...#.##....#............#
###.#......###.........#.# ...
#........!###..##.#...#.####...
##..........≈.###<.......#.....
###..........###..............
###....#....#..#.....#......


You could see 2 killer bees and 3 orcs.

Vanquished Creatures
  Grinder (D:5)
  Sigmund (D:3)
  Edmund (D:3)
  An acid dragon (D:5)
  Duvessa (D:5)
  An orc warrior (D:4)
  A black bear (D:5)
  A sky beast (D:7)
  An ice beast (D:6)
  3 ogres
  A necrophage (D:6)
  The ghost of omnomnOMINOUS the Bolt Thrower, an amateur OpWn of Okawaru (D:4)
  A scorpion (D:3)
  A wyvern skeleton (D:7)
  Dowan (D:5)
  A water moccasin skeleton (D:5)
  4 killer bees (D:7)
  A howler monkey (D:6)
  2 jellies
  2 hounds
  2 bullfrog skeletons
  3 orc priests (D:4)
  A centaur skeleton (D:6)
  A gnoll shaman (D:5)
  Jessica (D:2)
  Ijyb (D:5)
  A scorpion zombie (D:5)
  4 orc wizards
  A hound skeleton (D:5)
  Robin (D:3)
  A howler monkey skeleton (D:7)
  6 adders
  7 gnolls
  3 white imps
  3 worms
  2 dart slugs
  21 orcs
  6 endoplasms
  3 giant cockroaches
  12 hobgoblins
  6 jackals
  3 quokkas
  7 ball pythons
  3 bats
  3 frilled lizards
  15 goblins
  13 kobolds
  6 rats
163 creatures vanquished.

Notes
Turn   | Place    | Note
-------+----------+-------------------------------------------
     0 | D:1      | lunkers the Troll Cinder Acolyte began the quest for the
                  | Orb.
     0 | D:1      | Reached XP level 1. HP: 22/22 MP: 1/1
   232 | D:1      | Reached XP level 2. HP: 29/29 MP: 2/2
   678 | D:2      | Noticed Jessica
   685 | D:2      | Killed Jessica
   686 | D:2      | Reached skill level 4 in Unarmed Combat
   686 | D:2      | Reached XP level 3. HP: 36/36 MP: 3/3
   989 | D:2      | Reached XP level 4. HP: 45/45 MP: 4/4
  1397 | D:3      | Identified the +5 quarterstaff "Xolyawn" {speed, +Blink
                  | rCorr}
  1512 | D:3      | Noticed Sigmund
  1517 | D:3      | Killed Sigmund
  1518 | D:3      | Reached skill level 5 in Unarmed Combat
  1518 | D:3      | Reached XP level 5. HP: 44/54 MP: 5/5
  1689 | D:3      | Found a faded altar of an unknown god.
  1757 | D:3      | Reached XP level 6. HP: 62/62 MP: 6/6
  2183 | D:4      | Reached skill level 6 in Unarmed Combat
  2213 | D:4      | Noticed Robin
  2253 | D:4      | Noticed Edmund
  2255 | D:4      | Noticed an orc warrior
  2317 | D:3      | Killed Edmund
  2318 | D:3      | Reached skill level 7 in Unarmed Combat
  2318 | D:3      | Reached XP level 7. HP: 23/71 MP: 7/7
  2366 | D:3      | Killed Robin
  2615 | D:4      | Found Jabbug's Armour Shop.
  2672 | D:4      | Found a runed translucent gate.
  2673 | D:4      | Found a runed translucent gate.
  2677 | D:4      | Noticed omnomnOMINOUS's ghost (amateur OpWn)
  2678 | D:4      | Found a runed translucent gate.
  2904 | D:4      | Found a staircase to the Ecumenical Temple.
  3165 | D:4      | Killed omnomnOMINOUS's ghost
  3166 | D:4      | Reached skill level 5 in Fighting
  3166 | D:4      | Reached skill level 8 in Unarmed Combat
  3230 | D:4      | Identified a scroll of acquirement
  3230 | D:4      | Acquired 1224 gold pieces
  3246 | D:5      | Entered Level 5 of the Dungeon
  3250 | D:5      | Noticed Grinder
  3252 | D:5      | Reached XP level 8. HP: 62/80 MP: 8/8
  3318 | D:5      | Killed Grinder
  3319 | D:5      | Reached skill level 9 in Unarmed Combat
  3402 | D:5      | Noticed Ijyb
  3409 | D:5      | Paralysed by Ijyb for 6 turns
  3416 | D:5      | Killed Ijyb
  3445 | D:5      | Noticed Dowan
  3446 | D:5      | Noticed Duvessa
  3456 | D:5      | Killed Dowan
  3468 | D:5      | Killed Duvessa
  3469 | D:5      | HP: 1/83 [poisoned by Duvessa]
  3657 | D:5      | Reached skill level 10 in Unarmed Combat
  3733 | D:5      | You fall into a shaft and drop 1 floor!
  3923 | D:6      | Reached XP level 9. HP: 89/89 MP: 9/9
  4139 | D:6      | Learned a level 2 spell: Scorch
  4670 | D:7      | HP: 3/92 [poisoned by a killer bee]
  4672 | D:7      | HP: 1/92 [poisoned by a killer bee]
  4673 | D:7      | Reached skill level 11 in Unarmed Combat
  4673 | D:7      | Succumbed to a killer bee's poison

Illustrated notes

Levels and vault maps discovered:
D:1:      wheals_arrival_linesprint, layout_basic
D:2:      layout_rooms, minmay_misc_feat_x, minmay_nonomino_d4, uniq_jessica
D:3:      layout_loops_ring, hellmonk_ecumenical_altar_leap_of_faith,
          roderic_three_in_a_row, minmay_checkerbox, uniq_sigmund
D:4:      kennysheep_big_flooded_room, layout_basic,
          minmay_temple_entry_slanted, serial_shops, shop,
          ebering_ghost_rock_garden, uniq_edmund, uniq_robin
D:5:      layout_rooms, corexii_checkpoint_a, uniq_ijyb, uniq_grinder,
          uniq_duvessa
D:6:      layout_loops_ring, kennysheep_generic_room_10
D:7:      layout_cave_pools, serial_shops, nicolae_lakefront_shop

Skill      XL: |  1  2  3  4  5  6  7  8  9 |
---------------+----------------------------+-----
Unarmed Combat | 4 5 7 8 10 11 | 11.0
Fighting       | 3 4 5 6 |  6.7
Spellcasting   | |  1.0
Fire Magic     | |  2.1

Action                   |  1- 3 |  4- 6 |  7- 9 || total
-------------------------+-------+-------+-------++-------
Melee: Unarmed           |    70 |   119 |   243 ||   432
       Punch             |     1 |       |     9 ||    10
Throw: Stone             |       |     7 |     3 ||    10
       Dart              |       |       |    18 ||    18
 Cast: Scorch            |       |       |     9 ||     9
  Use: Scroll            |       |       |    10 ||    10
       Potion            |       |       |     4 ||     4
Armor: Robe              |    26 |    49 |    42 ||   117
       Acid dragon scale |       |       |    66 ||    66
Dodge: Dodged            |    39 |    55 |   110 ||   204

Table legend: (Time is in decaauts)
 A = Elapsed time spent in this place.
 B = Non-inter-level travel time spent in this place.
 C = Inter-level travel time spent in this place.
 D = Time resting spent in this place.
 E = Time spent auto-exploring this place.
 F = Levels seen in this place.
 G = Mean time per level.
                   A        B        C        D        E       F      G
               +--------+--------+--------+--------+--------+-----+--------+
         Total |   4627 |   4456 |    171 |    198 |   3118 |   7 |  661.0 |
       Dungeon |   4627 |   4456 |    171 |    198 |   3118 |   7 |  661.0 |
               +--------+--------+--------+--------+--------+-----+--------+

Top non-repeatable levels by time:
     D:3: 1098 daAuts
     D:4: 850 daAuts
     D:1: 715 daAuts
     D:6: 631 daAuts
     D:2: 605 daAuts
     D:5: 495 daAuts
     D:7: 231 daAuts
